 Dungeon Sprint DCSS version 0.28.0-53-g5a82cb258f (webtiles) character file.

Game seed: 1935320596128071255

5814 Groucho the Unseen (level 10, -5/56 HPs)
             Began as a Felid Wanderer on Aug 14, 2022.
             Was a High Priest of Uskayaw.
             Slain by a vampire knight
             ... wielding a +0 bardiche
              (37 damage)
             ... while paralysed by a vampire knight
             ... in the Dungeon (Sprint IX: "|||||||||||||||||||||||||||||") on Aug 20, 2022.
             The game lasted 00:15:21 (3663 turns).

Groucho the Unseen (Felid Wanderer)                 Turns: 3663, Time: 00:15:22

Health: -5/56      AC:  2    Str: 11    XL:     10   Next: 51%
Magic:  17/20      EV:  4    Int: 14    God:    Uskayaw [*****.]
Gold:   894        SH:  0    Dex: 20    Spells: 9/12 levels left
                                        Lives:  0   Deaths: 2

rFire   . . .      SeeInvis +     - Unarmed
rCold   . . .      Faith    .   (shield unavailable)
rNeg    . . .      Spirit   .   (armour unavailable)
rPois   .          Reflect  .   (helmet unavailable)
rElec   .          Harm     .   (cloak unavailable)
rCorr   .          Rampage  .   (gloves unavailable)
Will    +....      NoTele   +   (boots unavailable)
Stlth   +++++++...              n - amulet of regeneration
HPRegen 0.98/turn               k - +2 ring of evasion
MPRegen 0.17/turn               l - +3 ring of dexterity

@: paralysed, quick
A: very small, claws 1, fangs 3, see invisible, speed 1, shaggy fur 2, stealthy
paws, no weapons or thrown items, no armour, multi-lived
a: Renounce Religion, Stomp, Line Pass, Grand Finale


You were in the Dungeon.
You worshipped Uskayaw.
Uskayaw was pleased with you.
You visited 1 branch You collected 1944 gold pieces.
You spent 1050 gold pieces at shops.

Inventory:

Jewellery
 k - a +2 ring of evasion (left paw)
 l - a +3 ring of dexterity (right paw)
 n - an amulet of regeneration (around neck)
 v - a ring of protection from cold
 w - a ring of poison resistance
 x - a ring of protection from cold
Wands
 j - a wand of iceblast (21)
Scrolls
 b - 2 scrolls of fog
 h - 2 scrolls of blinking
 i - 3 scrolls of amnesia
 p - 8 scrolls of identify
 q - a scroll of summoning
 s - a scroll of fear {unknown}
 t - 2 scrolls of magic mapping {unknown}
Potions
 a - a potion of attraction
 c - 3 potions of curing
 d - a potion of berserk rage
 e - 2 potions of haste
 f - 4 potions of magic
 g - 2 potions of resistance
 m - 3 potions of brilliance
 r - 2 potions of mutation {unknown}
 u - 5 potions of heal wounds


   Skills:
 + Level 14.1 Fighting
 + Level 17.5 Dodging
 * Level 19.2 Stealth
 + Level 14.0 Unarmed Combat
 + Level 1.9 Spellcasting
 + Level 2.3 Hexes
 + Level 4.0 Ice Magic
 * Level 13.1 Invocations


You had 9 spell levels left.
You knew the following spells:

 Your Spells              Type           Power      Damage    Failure   Level
a - Freeze                Ice            48%        1d7       4%          1
b - Ensorcelled Hibernat  Hex/Ice        20%        N/A       10%         2

Your spell library contained the following spells:

 Spells                   Type           Power      Damage    Failure   Level
 Ice Form                 Ice/Tmut       6%         N/A       71%         4


Dungeon Overview and Level Annotations

Branches:
Dungeon (1/1)

Altars:
Cheibriados
Dithmenos
Elyvilon
Fedhas
Gozag
Hepliaklqana
Kikubaaqudgha
Makhleb
Nemelex Xobeh
Okawaru
Qazlal
Ru
Sif Muna
Trog
Uskayaw
Vehumet
Wu Jian
Xom
Yredelemnul
Zin
The Shining One
Beogh
Jiyva
Lugonu

Shops:
D *[*?


Innate Abilities, Weirdness & Mutations

You have sharp claws.
You have razor-sharp teeth.
You have supernaturally acute eyesight. (SInv)
You cover ground quickly. (Speed+)
You are covered in thick fur. (AC +2)
Your paws help you pounce on unaware monsters.
You are incapable of wielding weapons or throwing items.
You cannot wear armour.
You gain extra lives every three experience levels.


Message History

You eviscerate the vampire knight!!!
You claw the vampire knight, but do no damage.
The vampire knight is severely damaged.
The vampire knight completely misses you.
The vampire knight bites you!
The vampire knight draws strength from your injuries!
The vampire mosquito is engulfed in freezing vapours.
The vampire mosquito is destroyed!
The spriggan berserker invokes Trog's protection!
Unknown command.
Unknown command.
Unknown command.
You barely miss the vampire knight.
The vampire knight is severely damaged.
The vampire knight seems less confused.
The vampire knight gestures at you while chanting.
You easily resist.
The wizard casts a spell.
The wizard flickers and vanishes for a moment.
Unknown command.
Okay, then.
Aiming: Corrosive Bolt
Press: ? - help, Shift-Dir - straight line, f - vampire knight
Aim: a vampire knight, wielding a +0 bardiche and wearing a +0 plate armour (severely damaged, 83% to hit)
The bolt of acid hits the vampire knight but does no damage.
The vampire knight is severely damaged.
The bolt of acid misses the spriggan berserker.
The bolt of acid hits the ettin!
The acid corrodes the ettin!
The ettin is moderately wounded.
The bolt of acid misses the ice dragon.
The bolt of acid hits the deep troll earth mage!
The acid corrodes the deep troll earth mage!
The deep troll earth mage is moderately wounded.
The now-empty wand crumbles to dust.
The vampire knight gestures at you while chanting.
You suddenly lose the ability to move!
You can now merge with and destroy a victim.
The vampire knight hits you with a +0 bardiche!!!
Ouch! That really hurt!
You die...

...'..[[[[..'............'.......
▓▓▓▓▓▓▓▓▓▓▓▓▓▓▓▓▓▓▓▓▓▓▓▓▓▓▓▓▓▓▓▓▓
.................................
▓▓▓▓▓▓▓▓▓▓▓▓▓▓▓▓▓▓▓▓▓▓▓▓▓▓▓▓▓▓▓▓▓
........'.....∩÷∩.∩.∩...)['..[)[[
▓▓▓▓▓▓▓▓▓▓▓▓▓▓▓▓▓▓▓▓▓▓▓▓▓▓▓▓▓▓▓▓▓
.................................
▓▓▓▓▓▓▓▓▓▓▓▓▓▓▓▓▓▓▓▓▓▓▓▓▓▓▓▓▓▓▓▓▓
DpTDCiV@)††††..'?.??....
▓▓▓▓▓▓▓▓▓▓▓▓▓▓▓▓▓▓▓▓▓▓▓▓


You could see 2 ice dragons, a vampire knight, an ettin (corroded), a spriggan
berserker (regenerating, strong-willed), a deep troll earth mage (corroded) and
a wizard (invisible).

Vanquished Creatures
  A hydra (D)
  A centaur warrior (D)
  3 orc high priests (D)
  3 orc knights (D)
  4 orc sorcerers (D)
  An ugly thing (D)
  An unseen horror (D)
  4 cane toads (D)
  A freezing wraith (D)
  2 komodo dragons (D)
  A tengu conjurer (D)
  4 tyrant leeches (D)
  A meliai (D)
  2 slime creatures (D)
  3 blink frogs (D)
  2 shadows (D)
  3 yaks (D)
  3 basilisks (D)
  A vampire mosquito (D)
  3 water moccasins (D)
  9 orc warriors (D)
  2 black bears (D)
  A sky beast (D)
  A wolf (D)
  A centaur (D)
  2 bullfrogs (D)
  A hound (D)
  2 orc priests (D)
  3 orc wizards (D)
  16 orcs (D)
  A goblin (D)
  2 hobgoblins (D)
  A quokka (D)
  A frilled lizard (D)
  A giant cockroach simulacrum (D)
  A quokka skeleton (D)
  A rat (D)
90 creatures vanquished.

Vanquished Creatures (others)
  A boulder beetle (D)
  A basilisk (D)
  2 vampire mosquitoes (D)
4 creatures vanquished.

Grand Total: 94 creatures vanquished

Notes
Turn   | Place    | Note
-------+----------+-------------------------------------------
     0 | D        | Groucho the Felid Wanderer began the quest for the Orb.
     0 | D        | Groucho set off with the following items: a potion of
                  | attraction, a scroll of fog, a potion of curing, a potion
                  | of heal wounds, a potion of haste, 2 potions of magic, a
                  | potion of berserk rage, a scroll of blinking; and the
                  | following spell memorised: Freeze; and the following spells
                  | available to memorise: Ensorcelled Hibernation, Ice Form
     0 | D        | Reached XP level 1. HP: 10/10 MP: 3/3
     9 | D        | Reached skill level 1 in Dodging
     9 | D        | Reached skill level 1 in Stealth
    20 | D        | Reached skill level 2 in Stealth
   406 | D        | Noticed a hound
   406 | D        | Noticed a sky beast
   419 | D        | Killed a sky beast
   420 | D        | Reached skill level 5 in Fighting
   420 | D        | Reached skill level 5 in Dodging
   420 | D        | Reached skill level 5 in Stealth
   420 | D        | Reached XP level 2. HP: 16/16 MP: 4/4
   420 | D        | Reached XP level 3. HP: 19/19 MP: 5/5
   420 | D        | Reached XP level 4. HP: 23/23 MP: 6/6
   426 | D        | Reached skill level 6 in Stealth
   433 | D        | Reached skill level 5 in Unarmed Combat
   784 | D        | Found a snail-covered altar of Cheibriados.
   784 | D        | Found a shadowy altar of Dithmenos.
   784 | D        | Found a white marble altar of Elyvilon.
   784 | D        | Found a blossoming altar of Fedhas.
   784 | D        | Found an opulent altar of Gozag.
   785 | D        | Found a hazy altar of Hepliaklqana.
   786 | D        | Found a viscous altar of Jiyva.
   787 | D        | Found an ancient bone altar of Kikubaaqudgha.
   788 | D        | Found a corrupted altar of Lugonu.
   789 | D        | Found a burning altar of Makhleb.
   790 | D        | Found a sparkling altar of Nemelex Xobeh.
   791 | D        | Found an iron altar of Okawaru.
   792 | D        | Found a stormy altar of Qazlal.
   793 | D        | Found a sacrificial altar of Ru.
   794 | D        | Found a shimmering blue altar of Sif Muna.
   795 | D        | Found a bloodstained altar of Trog.
   796 | D        | Found a hide-covered altar of Uskayaw.
   797 | D        | Found a radiant altar of Vehumet.
   798 | D        | Found an ornate altar of the Wu Jian Council.
   799 | D        | Found a shimmering altar of Xom.
   800 | D        | Found a basalt altar of Yredelemnul.
   801 | D        | Found a glowing silver altar of Zin.
   802 | D        | Found a glowing golden altar of the Shining One.
   804 | D        | Became a worshipper of Uskayaw the Reveller
   829 | D        | Noticed a shadow
   829 | D        | Noticed an unseen horror
   829 | D        | Noticed a yak
   829 | D        | Noticed a shadow
   829 | D        | Noticed a centaur
   831 | D        | Reached * piety under Uskayaw
   832 | D        | Reached skill level 7 in Stealth
   832 | D        | Reached skill level 1 in Invocations
   832 | D        | Reached XP level 5. HP: 27/27 MP: 7/7
   833 | D        | Killed a centaur
   833 | D        | Reached ** piety under Uskayaw
   834 | D        | Reached skill level 8 in Stealth
   835 | D        | Killed a shadow
   835 | D        | Reached *** piety under Uskayaw
   836 | D        | Reached skill level 9 in Stealth
   836 | D        | Gained mutation: You are covered in thick fur. (AC +2)
                  | [Felid growth]
   836 | D        | Reached XP level 6. HP: 33/33 MP: 7/10
   850 | D        | Killed a shadow
   851 | D        | Reached skill level 10 in Stealth
   851 | D        | Reached skill level 5 in Invocations
   851 | D        | Reached XP level 7. HP: 24/36 MP: 4/11
   856 | D        | Killed a yak
   862 | D        | Reached **** piety under Uskayaw
   867 | D        | Killed an unseen horror
   868 | D        | Reached skill level 10 in Dodging
   868 | D        | Reached skill level 11 in Stealth
  1258 | D        | Noticed a centaur warrior
  1258 | D        | Noticed a boulder beetle
  1258 | D        | Noticed a slime creature
  1258 | D        | Noticed a vampire mosquito
  1258 | D        | Noticed a slime creature
  1258 | D        | Noticed a green ugly thing
  1266 | D        | Killed a green ugly thing
  1267 | D        | Reached skill level 12 in Stealth
  1267 | D        | Reached XP level 8. HP: 42/42 MP: 12/14
  1269 | D        | Killed a slime creature
  1270 | D        | Reached ***** piety under Uskayaw
  1272 | D        | Killed a slime creature
  1277 | D        | Killed a boulder beetle
  1278 | D        | Reached skill level 10 in Fighting
  1278 | D        | Reached skill level 13 in Stealth
  1278 | D        | Reached skill level 10 in Unarmed Combat
  1278 | D        | Reached XP level 9. HP: 46/46 MP: 13/16
  1280 | D        | Killed a centaur warrior
  1280 | D        | Reached ****** piety under Uskayaw
  1281 | D        | Reached skill level 14 in Stealth
  1397 | D        | Noticed a cane toad
  1397 | D        | Noticed a five-headed hydra
  1397 | D        | Noticed a komodo dragon
  1406 | D        | Killed a komodo dragon
  1407 | D        | Killed a five-headed hydra
  1409 | D        | Noticed a komodo dragon
  1412 | D        | Reached skill level 15 in Stealth
  1412 | D        | Reached XP level 10. HP: 40/52 MP: 16/18
  1419 | D        | Killed a cane toad
  1420 | D        | Reached skill level 10 in Invocations
  1481 | D        | Noticed a cane toad
  1481 | D        | Noticed a cane toad
  1491 | D        | Killed a cane toad
  1494 | D        | Reached skill level 16 in Stealth
  1501 | D        | Killed a cane toad
  1502 | D        | Reached skill level 15 in Dodging
  1520 | D        | Noticed a cane toad
  1552 | D        | Killed a cane toad
  1556 | D        | Reached skill level 17 in Stealth
  1560 | D        | Reached XP level 11. HP: 10/57 MP: 12/20
  2362 | D        | Noticed an orc knight
  2362 | D        | Noticed an orc sorcerer
  2370 | D        | Killed an orc sorcerer
  2372 | D        | Killed an orc knight
  2688 | D        | Found Luomiuxko's Magic Scroll Boutique.
  2688 | D        | Noticed an orc high priest
  2688 | D        | Noticed an orc high priest
  2688 | D        | Noticed an orc knight
  2692 | D        | Noticed an orc sorcerer
  2733 | D        | Killed an orc knight
  2737 | D        | Noticed a soul eater
  2749 | D        | Killed from afar by a soul eater
  2750 | D        | Reached XP level 10. HP: -8/55 MP: 19/20
  2864 | D        | Killed an orc high priest
  2865 | D        | Reached skill level 18 in Stealth
  2890 | D        | Noticed a sixfirhy
  2901 | D        | Killed an orc high priest
  2950 | D        | Killed an orc sorcerer
  3033 | D        | Noticed an orc knight
  3042 | D        | Killed an orc knight
  3164 | D        | Found Vomyo's Assorted Antiques.
  3168 | D        | Found Tones Afaots's Armour Boutique.
  3172 | D        | Found Zijuin's Assorted Antiques.
  3175 | D        | Noticed an orc sorcerer
  3176 | D        | Noticed an orc sorcerer
  3178 | D        | Noticed an orc high priest
  3184 | D        | Killed an orc sorcerer
  3186 | D        | Noticed a smoke demon
  3198 | D        | Killed from afar by a smoke demon
  3199 | D        | Reached XP level 9. HP: -2/51 MP: 17/19
  3300 | D        | Killed an orc sorcerer
  3301 | D        | Reached XP level 10. HP: 55/55 MP: 20/20
  3317 | D        | Noticed a soul eater
  3318 | D        | Killed an orc high priest
  3425 | D        | Bought a copper wand for 128 gold pieces
  3431 | D        | Bought a scroll of identify for 24 gold pieces
  3431 | D        | Bought a scroll of identify for 24 gold pieces
  3431 | D        | Bought a scroll of summoning for 114 gold pieces
  3431 | D        | Bought a scroll of identify for 24 gold pieces
  3431 | D        | Bought a scroll of identify for 24 gold pieces
  3431 | D        | Bought a scroll of identify for 24 gold pieces
  3433 | D        | Bought a bubbling golden potion for 24 gold pieces
  3433 | D        | Bought a bubbling golden potion for 24 gold pieces
  3433 | D        | Bought a wand of iceblast (11) for 108 gold pieces
  3433 | D        | Bought a potion of curing for 81 gold pieces
  3433 | D        | Bought a scroll labelled VECSIA CAIDIT for 27 gold pieces
  3433 | D        | Bought a scroll labelled YNOUSY ATINT for 27 gold pieces
  3433 | D        | Bought a potion of heal wounds for 135 gold pieces
  3433 | D        | Bought a scroll of identify for 54 gold pieces
  3437 | D        | Bought a scroll of amnesia for 112 gold pieces
  3437 | D        | Bought a scroll of identify for 64 gold pieces
  3437 | D        | Bought a scroll labelled YNOUSY ATINT for 32 gold pieces
  3454 | D        | Learned a level 2 spell: Ensorcelled Hibernation
  3596 | D        | Found the +8 demon trident "Rift" {distort, reach+}
  3652 | D        | Reached skill level 19 in Stealth
  3652 | D        | Reached skill level 1 in Hexes
  3658 | D        | Noticed an ice dragon
  3658 | D        | Noticed a wizard
  3658 | D        | Noticed a deep troll earth mage
  3658 | D        | Noticed an ice dragon
  3658 | D        | Noticed an ettin
  3658 | D        | Noticed a spriggan berserker
  3658 | D        | Noticed a vampire knight
  3662 | D        | Paralysed by a vampire knight for 6 turns
  3663 | D        | Slain by a vampire knight

Illustrated notes

Levels and vault maps discovered:
D:        linesprint [early_d, line_temple, items_1, d_10, items_2, lair_1,
          lair_end, items_3, orc_1, orc_end, items_4, d_15, swamp_1, shoals_1,
          snake_1, spider_1, d_20, vaults_1, items_5, swamp_end, shoals_end,
          snake_end, spider_end, vaults_end, d_27, items_6, zot_1, zot_end,
          crypt_end, forest_end, elf_end, slime_end, tomb_end, abyss_end,
          pan_hell_end]

Skill      XL: |  1  2  3  4  5  6  7  8  9 10 11 |
---------------+----------------------------------+-----
Dodging        | 5 6 8 9 11 12 13 17 16 | 17.5
Stealth        | 5 7 9 10 12 13 15 19 | 19.2
Fighting       | 5 7 9 10 11 14 13 | 14.1
Unarmed Combat | 4 5 6 7 8 10 11 14 13 | 14.0
Invocations    | 1 4 5 7 8 9 13 12 | 13.1
Hexes          | 2 |  2.3
Ice Magic      | 4 |  4.0
Spellcasting   | |  1.9

Action                   |  1- 3 |  4- 6 |  7- 9 | 10-12 || total
-------------------------+-------+-------+-------+-------++-------
Melee: Unarmed           |    26 |    25 |    50 |   225 ||   326
       Punch             |     1 |     1 |     6 |    15 ||    23
       Bite              |       |     2 |     6 |    32 ||    40
Invok: Line Pass         |       |     1 |     1 |     4 ||     6
       Stomp             |       |       |       |     1 ||     1
Evoke: Wand              |       |       |       |     1 ||     1
  Use: Potion            |     2 |       |     2 |     7 ||    11
 Stab: Sleeping          |       |     3 |       |     2 ||     5
       Invisible         |       |       |     3 |       ||     3
       Paralysed         |       |       |     2 |    16 ||    18
       Confused          |       |       |       |     2 ||     2
       Petrifying        |       |       |       |     1 ||     1
Armor: Skin              |     1 |       |     1 |     2 ||     4
Dodge: Dodged            |    14 |    17 |    39 |   163 ||   233
